 Dungeon Crawl Stone Soup version 0.31.0-7-gf635a9b802 (webtiles) character file.

Game seed: 1301597767559348155

164 JustSomeDude the Trooper (level 5, -7/43 HPs)
             Began as a Demonspawn Monk on Jan 23, 2024.
             Mangled by a gnoll
             ... wielding a +0 halberd
              (15 damage)
             ... on level 4 of the Dungeon on Jan 24, 2024.
             The game lasted 00:04:12 (2199 turns).

JustSomeDude the Trooper (Demonspawn Monk)          Turns: 2199, Time: 00:04:13

Health: -7/43      AC:  5    Str: 12    XL:     5   Next: 21%
Magic:  14/14      EV: 13    Int: 10    God:
Gold:   106        SH:  0    Dex: 19    Spells: 4/4 levels left

rFire   . . .        g - +2 dagger (flame)
rCold   . . .        d - orb {light}
rNeg    . . .        b - +0 robe
rPois   +            (no helmet)
rElec   .            (no cloak)
rCorr   .            p - +2 pair of gloves of Ignis's Felicitations {Harm rPois Dex+2}
SInv    .            (no boots)
Will    .....        (no amulet)
Stlth   +            v - ring of magical power
HPRegen 0.27/turn    (no ring)
MPRegen 0.14/turn

%: harm (+30% outgoing, +20% incoming)
@: glowing
A: claws 2, hooves 1
a: no special abilities


You were on level 4 of the Dungeon.
You visited 1 branch of the dungeon, and saw 4 of its levels.

You collected 106 gold pieces.

Inventory:

Hand Weapons
 a - a +0 short sword
 g - a +2 dagger of flaming (weapon)
Missiles
 x - 5 silver javelins (quivered)
 y - 4 poisoned darts
Armour
 b - a +0 robe (worn)
 d - an orb of light (worn)
 p - the +2 pair of gloves of Ignis's Felicitations (worn) {Harm rPois Dex+2}
   (You found it on level 2 of the Dungeon)

   Dex+2:     It affects your dexterity (+2).
   rPois:     It protects you from poison Harm: It increases damage dealt and
   taken.
Jewellery
 v - a ring of magical power (left hand)
Scrolls
 f - a scroll of vulnerability {unknown}
 h - a scroll of brand weapon {unknown}
 k - a scroll of enchant weapon {unknown}
 l - 5 scrolls of enchant armour {unknown}
 m - a scroll of revelation {unknown}
 r - a scroll of fog {unknown}
 s - a scroll of identify {unknown}
 t - a scroll of teleportation {unknown}
 w - a scroll of noise {unknown}
Potions
 c - a potion of ambrosia
 e - a potion of heal wounds {unknown}
 i - a potion of berserk rage {unknown}
 j - a potion of brilliance {unknown}
 n - 2 potions of invisibility {unknown}
 o - a potion of degeneration {unknown}
 q - 2 potions of haste {unknown}
 u - a potion of mutation {unknown}


   Skills:
 + Level 4.3 Fighting
 + Level 3.9 Short Blades
 + Level 3.4 Dodging
 * Level 0.6 Stealth


You had 4 spell levels left.
You didn't know any spells.
Your spell library contained the following spells:

 Spells                   Type           Power      Damage    Failure   Level
 Mercury Vapours          Alch/Air       0%         N/A       50%         2
 Hailstorm                Conj/Ice       0%         3d5       75%         3
 Mephitic Cloud           Conj/Alch/Air  0%         N/A       75%         3
 Ozocubu's Armour         Ice            0%         N/A       75%         3
 Summon Ice Beast         Ice/Summ       0%         N/A       75%         3
 Freezing Cloud           Conj/Ice/Air   0%         6-21      100%        5
 Metabolic Englaciation   Hex/Ice        0%         N/A       100%        5
 Sculpt Simulacrum        Ice/Alch       0%         N/A       100%        6


Dungeon Overview and Level Annotations

Branches:
Dungeon (4/15)
 Temple: D:4-7

Altars:
Makhleb
Trog


Innate Abilities, Weirdness & Mutations

You have very sharp fingernails.
You have large cloven feet.


Message History

You kill the gnoll!
The gnoll hits you from afar with a +0 halberd.
You are too injured to fight recklessly!
You are too injured to fight recklessly!
You are too injured to fight recklessly!
You are too injured to fight recklessly!
You are too injured to fight recklessly!
You are too injured to fight recklessly!
You are too injured to fight recklessly!
You are too injured to fight recklessly!
You are too injured to fight recklessly!
You are too injured to fight recklessly!
You are too injured to fight recklessly!
You are too injured to fight recklessly!
You are too injured to fight recklessly!
You are too injured to fight recklessly!
You are too injured to fight recklessly!
You are too injured to fight recklessly!
You are too injured to fight recklessly!
You are too injured to fight recklessly!
You are too injured to fight recklessly!
You are too injured to fight recklessly!
You are too injured to fight recklessly!
You are too injured to fight recklessly!
You are too injured to fight recklessly!
You hit the gnoll. You burn the gnoll. You kick the gnoll.
The gnoll is moderately wounded.
The gnoll hits you with a +0 club. The gnoll barely misses you.
You hit the gnoll. You burn the gnoll. You kick the gnoll.
You kill the gnoll!
The gnoll attacks as it pursues you! The gnoll misses you.
The gnoll closely misses you.
You hit the gnoll. You burn the gnoll. You kick the gnoll, but do no damage.
The gnoll is moderately wounded.
The gnoll hits you with a +0 halberd!
* * * LOW HITPOINT WARNING * * *
You hit the gnoll. You burn the gnoll. You kick the gnoll.
The gnoll is severely wounded.
The gnoll hits you with a +0 halberd!
You die...

.#.......†.#
##.).....##
##.....## #####
##...## #...#
#####..########...#
.............>....#
. ####.#.#######
.g. ... #.#.# #g#
#.... #.#.#
####@#...... #...#
###.......# #..##
#...##.#### #..#
##.####.#
##..####..# #.#
#.....#..## #.#
#.......## #.#
#.....### #.#
#.....# #.#


You could see 2 gnolls.

Vanquished Creatures
  Jessica (D:2)
  2 gnolls (D:4)
  4 adders
  4 dart slugs
  2 ribbon worms (D:3)
  4 orcs (D:3)
  3 ball pythons
  4 bats
  3 endoplasms
  4 giant cockroaches
  6 goblins
  5 hobgoblins
  7 jackals (D:3)
  3 kobolds (D:1)
  4 quokkas
  4 frilled lizards
  4 rats
64 creatures vanquished.

Notes
Turn   | Place    | Note
-------+----------+-------------------------------------------
     0 | D:1      | JustSomeDude the Demonspawn Monk began the quest for the
                  | Orb.
     0 | D:1      | Reached XP level 1. HP: 18/18 MP: 1/1
   151 | D:1      | Discovered your monstrous ancestry.
   151 | D:1      | Gained mutation: You have large cloven feet. [demonic
                  | ancestry]
   151 | D:1      | Reached XP level 2. HP: 24/24 MP: 2/2
   445 | D:1      | Reached XP level 3. HP: 27/29 MP: 3/3
   937 | D:2      | Identified the +2 pair of gloves of Ignis's Felicitations
                  | {Harm rPois Dex+2}
  1048 | D:2      | Found a faded altar of an unknown god.
  1299 | D:3      | Noticed Jessica
  1309 | D:2      | Killed Jessica
  1310 | D:2      | Reached skill level 4 in Fighting
  1310 | D:2      | Gained mutation: You have sharp fingernails. [demonic
                  | ancestry]
  1310 | D:2      | Reached XP level 4. HP: 18/37 MP: 4/4
  1797 | D:3      | Found a burning altar of Makhleb.
  1803 | D:3      | Found a bloodstained altar of Trog.
  1939 | D:3      | Gained mutation: You have very sharp fingernails. [demonic
                  | ancestry]
  1939 | D:3      | Reached XP level 5. HP: 42/42 MP: 5/5
  2199 | D:4      | Mangled by a gnoll

Illustrated notes

Levels and vault maps discovered:
D:1:      erik_arrival_triangle_small, layout_basic
D:2:      layout_loops_ring, shapermc_ecumenical_altar_mp_urbaneastern
D:3:      kennysheep_big_flooded_room, layout_loops_ring, bloody_trog,
          bloody_makhleb, nicolae_twisty_statue_hallways, uniq_jessica
D:4:      layout_rooms

Skill      XL: |  1  2  3 |
---------------+----------+-----
Short Blades   | 3 |  3.9
Dodging        | 3 |  3.4
Fighting       | 4 |  4.3
Stealth        | |  0.6

Action                     |  1- 3 |  4- 6 || total
---------------------------+-------+-------++-------
  Melee: Short sword       |    51 |       ||    51
         Dagger            |    45 |    84 ||   129
         Kick              |    17 |    30 ||    47
 Armour: Robe              |    41 |    36 ||    77
  Dodge: Dodged            |    50 |    52 ||   102
